Map: Apotheosis LE

Players

JohnnyBanana

  • Race: Terran Terran
  • League: Platinum

Chayla - Winner!

  • Race: Protoss Protoss
  • League: Gold

VOD

Have the link to the VOD?

Description

Time

  • Played on: July 14, 2016, 4:53 p.m.
  • Length: 19:13
Show
View Real Time Build Order
Export as new Build Order

JohnnyBanana Terran 

Build Orders: Reaper Expand, MMM Bio 

Get SALT Encoding   

  12  0:01  SCV  
  13  0:13  SCV  
  14  0:17  Supply Depot  
  14  0:25  SCV  
  15  0:39  SCV  
  15  0:42  Barracks  
  16  0:45  Refinery  
  16  0:51  SCV  
  17  1:03  SCV  
  18  1:15  SCV  
  19  1:28  Orbital Command  
  19  1:31  Reaper  
  20  1:44  Command Center  
  20  1:52  Supply Depot  
  20  1:59  Refinery  
  20  2:02  SCV  
  21  2:14  SCV  
  22  2:18  Factory  
  22  2:26  SCV  
  23  2:31  Barracks Reactor  
  23  2:38  SCV  
  23  2:39  Barracks  
  24  2:51  SCV  
  26  3:04  Orbital Command  
  25  3:07  SCV  
  26  3:17  Marine x2, Starport  
  28  3:23  Widow Mine  
  28  3:25  SCV  
  31  3:32  SCV  
  32  3:37  SCV  
  32  3:43  Barracks Tech Lab  
  32  3:44  SCV  
  32  3:47  Marine x2  
  35  3:49  SCV  
  36  3:56  Supply Depot  
  36  3:57  SCV  
  36  4:01  Marine  
  38  4:04  Marine  
  38  4:05  Medivac  
  38  4:07  Factory Tech Lab  
  41  4:10  Stimpack  
  41  4:13  Factory Reactor  
  41  4:16  Marine  
  42  4:17  SCV  
  42  4:18  SCV  
  42  4:19  Marine  
  45  4:29  Marine, SCV  
  45  4:31  SCV  
  48  4:34  Marine  
  49  4:42  SCV  
  50  4:46  SCV  
  50  4:52  Barracks  
  51  4:54  Barracks, SCV  
  51  4:57  Barracks  
  51  4:58  SCV  
  53  5:00  Supply Depot  
  53  5:05  Marine  
  53  5:06  Supply Depot  
  54  5:22  Marine x2, SCV x2  
  54  5:27  Engineering Bay  
  58  5:28  Engineering Bay  
  58  5:34  SCV x2  
  58  5:46  SCV x2  
  58  5:52  Barracks Reactor  
  58  5:55  Barracks Reactor  
  58  5:57  Marine x3  
  58  5:58  SCV x2  
  58  6:00  Barracks Reactor  
  63  6:10  SCV x2  
  63  6:11  Terran Infantry Armor Level 1, Terran Infantry Weapons Level 1  
  65  6:15  Marine x3  
  68  6:19  Command Center  
  68  6:22  SCV x2  
  68  6:24  Supply Depot  
  70  6:28  Refinery x2  
  70  6:42  Combat Shields  
  70  6:46  Marine x6, SCV x2  
  78  6:47  Supply Depot  
  78  6:49  Marine  
  78  6:50  Marine  
  78  6:54  Marauder  
  78  7:08  Medivac x2, SCV x2  
  78  7:10  Factory Tech Lab  
  78  7:12  Supply Depot  
  78  7:13  Missile Turret  
  78  7:15  Missile Turret, Marauder  
  86  7:16  Missile Turret  
  86  7:17  Missile Turret  
  86  7:23  Missile Turret  
  86  7:24  Missile Turret  
  86  7:30  Marine, SCV x2  
  86  7:31  Marine  
  86  7:35  Supply Depot  
  86  7:36  Marauder  
  92  7:37  Orbital Command  
  92  7:42  SCV x2  
  94  7:47  Missile Turret  
  94  7:56  Marine x3  
  94  7:57  Marine x4  
  94  7:58  Marauder  
  103  8:01  Armory  
  103  8:03  SCV x2  
  103  8:04  SCV  
  106  8:09  Medivac  
  106  8:10  Medivac  
  110  8:18  SCV x2  
  110  8:19  Marauder, SCV  
  115  8:29  Marine x2  
  115  8:30  Refinery  
  117  8:56  Refinery  
  117  9:09  Terran Infantry Weapons Level 2  
  117  9:14  Supply Depot  
  117  9:15  Supply Depot  
  117  9:17  Supply Depot  
  117  9:27  Barracks  
  117  9:35  Marine x6  
  117  9:36  SCV x2  
  117  9:37  Supply Depot, Marine x2, Medivac, Marauder, SCV  
  117  9:38  Supply Depot, Medivac  
  133  9:40  Supply Depot  
  110  9:53  Marine x4  
  110  9:54  Marine  
  110  9:59  Marauder  
  117  10:01  Supply Depot  
  117  10:04  Marine x3  
  117  10:05  Supply Depot  
  120  10:07  Medivac  
  120  10:08  Medivac  
  120  10:11  Marine x2, Terran Infantry Armor Level 2  
  126  10:16  Barracks  
  126  10:20  Marauder  
  128  10:37  Medivac  
  128  10:38  Medivac  
  128  10:41  Marauder  
  128  10:42  Marine x4  
  136  10:43  Marine x4  
  136  10:48  Barracks Tech Lab  
  142  11:00  Marine x5  
  142  11:03  Marauder  
  141  11:31  Supply Depot x2  
  141  11:32  Supply Depot x2  
  139  11:33  Supply Depot  
  139  11:34  Supply Depot  
  139  11:35  Supply Depot  
  107  11:54  Marine x2, Marauder x2  
  103  12:16  Marauder x2  
  60  13:09  Barracks  
  60  13:11  Barracks  
  60  13:12  Barracks  
  59  13:13  Barracks x2  
  59  13:15  Barracks  
  59  13:19  Supply Depot x2  
  59  13:20  Supply Depot  
  59  13:21  Supply Depot  
  55  13:33  Orbital Command  
  61  14:18  Barracks Tech Lab x2  
  61  14:19  Barracks Reactor, Orbital Command  
  61  14:20  Barracks Reactor  
  44  17:07  Orbital Command  
Show
View Real Time Build Order
Export as new Build Order

Chayla Protoss - Winner!

Build Orders: 1 Gate Expand 

Get SALT Encoding   

  12  0:02  Probe (Chrono Boost)  
  13  0:15  Pylon  
  13  0:18  Probe (Chrono Boost)  
  15  0:28  Probe (Chrono Boost)  
  15  0:35  Gateway  
  15  0:42  Assimilator  
  15  0:45  Probe (Chrono Boost)  
  16  0:56  Probe (Chrono Boost)  
  17  1:17  Nexus  
  17  1:20  Probe (Chrono Boost)  
  18  1:34  Probe (Chrono Boost), Cybernetics Core  
  19  1:45  Probe (Chrono Boost)  
  20  1:51  Pylon  
  20  1:55  Probe (Chrono Boost)  
  20  2:00  Assimilator  
  20  2:09  Adept  
  20  2:10  Probe (Chrono Boost)  
  20  2:12  Warp Gate  
  23  2:22  Probe (Chrono Boost)  
  24  2:52  Probe (Chrono Boost)  
  24  2:53  Probe (Chrono Boost)  
  26  3:11  Probe (Chrono Boost)  
  29  3:13  Mothership Core (Chrono Boost)  
  29  3:18  Pylon  
  29  3:22  Probe (Chrono Boost)  
  30  3:32  Probe (Chrono Boost)  
  30  3:33  Probe (Chrono Boost)  
  32  3:34  Twilight Council  
  32  3:40  Forge  
  32  3:44  Probe (Chrono Boost)  
  32  3:45  Probe (Chrono Boost)  
  34  3:55  Adept, Probe (Chrono Boost)  
  36  3:56  Pylon  
  36  3:57  Probe (Chrono Boost)  
  36  4:01  Resonating Glaives  
  38  4:03  Protoss Ground Weapons Level 1  
  38  4:04  Gateway  
  38  4:07  Gateway  
  38  4:17  Nexus  
  40  4:31  Probe (Chrono Boost)  
  40  4:32  Probe (Chrono Boost)  
  40  4:41  Stargate  
  40  4:43  Probe (Chrono Boost)  
  40  4:44  Probe (Chrono Boost)  
  42  4:46  Pylon  
  42  4:52  Pylon  
  42  4:56  Probe x2 (Chrono Boost)  
  44  5:04  Adept  
  44  5:05  Adept x2  
  52  5:08  Probe x2 (Chrono Boost)  
  52  5:16  Pylon  
  52  5:19  Assimilator  
  52  5:22  Assimilator  
  52  5:24  Probe (Chrono Boost)  
  52  5:25  Probe (Chrono Boost)  
  52  5:27  Pylon  
  54  5:31  Oracle  
  54  5:33  Pylon  
  58  5:36  Probe (Chrono Boost)  
  56  5:43  Adept  
  56  5:44  Adept x2  
  56  5:49  Protoss Ground Armor Level 1  
  62  6:00  Probe (Chrono Boost)  
  62  6:02  Probe x2 (Chrono Boost)  
  65  6:05  Sentry x2  
  65  6:11  Probe (Chrono Boost)  
  70  6:14  Probe x2 (Chrono Boost), Gateway  
  70  6:17  Gateway  
  72  6:23  Pylon  
  72  6:32  Robotics Facility  
  72  6:34  Gateway  
  72  6:38  Gateway  
  68  6:58  Probe (Chrono Boost), Blink  
  68  7:00  Probe x2 (Chrono Boost)  
  71  7:05  Adept x3  
  77  7:10  Probe (Chrono Boost)  
  77  7:12  Probe x2 (Chrono Boost)  
  80  7:21  Probe (Chrono Boost)  
  82  7:24  Probe (Chrono Boost)  
  82  7:25  Photon Cannon  
  82  7:35  Observer  
  83  7:40  Assimilator  
  83  7:43  Assimilator  
  83  7:44  Photon Cannon  
  83  7:46  Probe (Chrono Boost)  
  83  7:47  Probe x2 (Chrono Boost), Photon Cannon  
  83  7:50  Pylon  
  86  7:51  Sentry  
  86  7:52  Sentry  
  86  7:53  Adept x4  
  86  7:54  Adept  
  97  8:15  Probe x2 (Chrono Boost)  
  103  8:20  Immortal  
  103  8:26  Protoss Ground Armor Level 2  
  103  8:30  Adept x2  
  103  8:31  Adept x4  
  103  8:32  Adept  
  117  8:39  Robotics Bay  
  117  8:42  Photon Cannon  
  117  8:49  Photon Cannon  
  117  8:51  Photon Cannon  
  116  8:59  Immortal  
  120  9:06  Stalker x4  
  120  9:07  Stalker x2  
  132  9:28  Pylon  
  132  9:30  Pylon  
  132  9:34  Pylon  
  132  9:43  Pylon, Warp Prism  
  130  9:49  Nexus  
  130  9:50  Pylon  
  128  9:55  Pylon  
  128  9:58  Pylon  
  128  10:03  Stalker x2  
  128  10:04  Stalker x4  
  128  10:05  Stalker  
  142  10:11  Pylon  
  142  10:19  Pylon  
  142  10:29  Adept x5  
  142  10:30  Adept x2  
  154  10:46  Extended Thermal Lance  
  154  11:17  Adept x5  
  154  11:18  Adept x2  
  164  11:41  Adept x4  
  164  11:42  Adept  
  163  11:53  Gateway  
  152  11:55  Gateway  
  152  11:56  Gateway  
  152  12:00  Gateway  
  145  12:02  Gateway  
  145  12:05  Forge  
  145  12:06  Forge  
  133  12:26  Gravitic Drive  
  133  12:28  Zealot x2  
  133  12:29  Zealot  
  135  13:11  Cybernetics Core  
  135  13:12  Zealot x2  
  121  13:14  Nexus  
  121  13:16  Pylon  
  121  13:18  Pylon  
  121  13:23  Observer Gravitic Boosters  
  121  13:37  Gateway  
  121  13:38  Gateway  
  121  13:41  Cybernetics Core  
  99  14:12  Charge  
  95  14:21  Stalker x2  
  99  14:56  Pylon  
  99  14:58  Pylon  
  99  15:03  Pylon  
  99  15:08  Pylon  
  100  15:14  Probe (Chrono Boost)  
  100  15:24  Probe (Chrono Boost)  
  101  15:30  Zealot x3  
  101  15:35  Probe (Chrono Boost)  
  108  15:46  Probe (Chrono Boost)  
  109  16:06  Pylon  
  109  16:10  Dark Shrine  
  107  16:24  Probe (Chrono Boost)  
  106  16:47  Forge  
  104  17:22  Pylon  
  104  17:24  Pylon  
  104  17:28  Pylon  
  104  17:31  Pylon  
  104  17:35  Nexus  
  104  18:30  Pylon  
  104  18:33  Pylon  
  104  18:36  Pylon  
  104  18:47  Probe (Chrono Boost)  
  105  18:57  Probe (Chrono Boost)  
Tags
 
Add a new tag
Caveats
  • Supply blocks, unpowered buildings, or Contaminate may cause inaccurate times.
  • Supply counts are checked every 10 seconds.